 Dungeon Crawl Stone Soup version 0.25.1-8-g42b30a86e7 (webtiles) character file.

Game seed: 13761871855887788579

36 McIrco the Covered (level 3, -1/33 HPs)
             Began as a Minotaur Fighter on Dec 20, 2020.
             Slain by an adder (2 damage)
             ... on level 2 of the Dungeon.
             The game lasted 00:01:09 (956 turns).

McIrco the Covered (Minotaur Fighter)                Turns: 956, Time: 00:01:10

Health: -1/33      AC:  7    Str: 20    XL:     3   Next: 19%
Magic:  2/2        EV:  7    Int:  5    God:
Gold:   14         SH:  9    Dex: 10    Spells: 2/2 levels left

rFire    . . .     SeeInvis .   a - +0 long sword
rCold    . . .     Gourm    .   c - +0 kite shield
rNeg     . . .     Faith    .   b - +0 scale mail
rPois    .         Spirit   .   (helmet restricted)
rElec    .         Reflect  .   (no cloak)
rCorr    .         Harm     .   (no gloves)
MR       .....                  (no boots)
Stlth    ..........             (no amulet)
HPRegen  0.11/turn              (no ring)
MPRegen  0.08/turn              (no ring)

@: mighty, lethally poisoned (-1 -> -5)
A: retaliatory headbutt, horns 2
a: no special abilities


You were on level 2 of the Dungeon.
You were not hungry.

You visited 1 branch of the dungeon, and saw 2 of its levels.

You collected 14 gold pieces.

Inventory:

Hand Weapons
 a - a +0 long sword (weapon)
Armour
 b - a +0 scale mail (worn)
 c - a +0 kite shield (worn)
Scrolls
 e - a scroll of blinking {unknown}
 h - 2 scrolls of remove curse {unknown}
Comestibles
 f - 5 rations
 g - 2 chunks of flesh


   Skills:
 + Level 4.2 Fighting
 - Level 2.4 Long Blades
 + Level 4.3 Armour
 + Level 4.2 Shields


You had 2 spell levels left.
You didn't know any spells.
Your spell library was empty.

Dungeon Overview and Level Annotations

Branches:
Dungeon (2/15)

Altars:
Fedhas
Kikubaaqudgha
Makhleb
Nemelex Xobeh
Trog


Innate Abilities, Weirdness & Mutations

You reflexively headbutt those who attack you in melee.
You have a pair of horns on your head.


Message History

You feel sick. The adder bites you but does no damage.
You barely miss the adder.
The adder is moderately wounded.
* * * LOW HITPOINT WARNING * * *
You feel sick.
The adder bites you but does no damage. x2
Your shield and scale mail prevent you from hitting the adder.
You headbutt the adder!
You kill the adder!
You have reached level 3!
Your experience leads to an increase in your attributes!
Increase (S)trength, (I)ntelligence, or (D)exterity?
You feel agile.
* * * LOW HITPOINT WARNING * * *
You feel sick. The adder bites you but does no damage.
You aren't carrying any potions.
Okay, then.
You closely miss the adder.
* * * LOW HITPOINT WARNING * * *
You feel sick. You block the adder's attack. The adder bites you.
You die...

########.......#
...............#
[#######........
######.....##
#...........#
###............ #
##...##...).....
##.###..#.##.........
#...@Sw##S##.........
#..######.w..........
#. #.†#.......... #
......._.......
##...._.........
...........
....._..⌠.._
#............
...##......_


You could see a worm and an adder.

Vanquished Creatures
  An adder (D:2)
  A leopard gecko (D:1)
  4 bats (D:1)
  A giant cockroach (D:1)
  2 goblins (D:1)
  6 hobgoblins (D:1)
  2 kobolds
  5 frilled lizards (D:1)
  3 rats
25 creatures vanquished.

Notes
Turn   | Place    | Note
-------+----------+-------------------------------------------
     0 | D:1      | McIrco the Minotaur Fighter began the quest for the Orb.
     0 | D:1      | Reached XP level 1. HP: 19/19 MP: 0/0
   211 | D:1      | Reached XP level 2. HP: 25/27 MP: 1/1
   916 | D:2      | Found a blossoming altar of Fedhas.
   934 | D:2      | Found a sparkling altar of Nemelex Xobeh.
   935 | D:2      | Found a bloodstained altar of Trog.
   936 | D:2      | Found a burning altar of Makhleb.
   936 | D:2      | Found an ancient bone altar of Kikubaaqudgha.
   955 | D:2      | Reached XP level 3. HP: 3/33 MP: 2/2
   956 | D:2      | HP: 1/33 [poisoned by an adder]
   956 | D:2      | Slain by an adder

Illustrated notes

Levels and vault maps discovered:
D:1:      dpeg_arrival_boxes_within_box, layout_basic
D:2:      layout_rooms, nicolae_overflow_hidden_temple,
          grunt_temple_overflow_open, first_ration, minmay_tripent

Skill      XL: |  1  2 |
---------------+-------+-----
Armour         | 4 |  4.3
Fighting       | 4 |  4.2
Shields        | 4 |  4.2
Long Blades    | |  2.4

Action                   || total
-------------------------++-------
Melee: Long sword        ||    64
       Headbutt          ||     4
  Use: Potion            ||     1
Armor: Scale mail        ||    34
Dodge: Dodged            ||    15
Block: Kite shield       ||    37
       Rpst.: Long sword ||     3
